[ AOE2 MATCH · #504914889 ]
UnrankedWu vs Ethiopians
Player's team · WIN
Rival team · LOSS
[ REPLAY ANALYSIS · EXTRACTED FROM THE RECORDED GAME ]
Feudal
10:55
Castle
22:17
Imperial
—
| APM avg | 134.7 |
| APM peak | 217 |
| eAPM avg | 67.6 |
| Villagers / military | 94 / 36 |
Focus
⚔️ 72.0% · 🌾 28.0%
Skirmisher ×30 · Militia ×5 · Spearman ×1
Feudal
8:25
Castle
—
Imperial
—
| APM avg | 68.9 |
| APM peak | 112 |
| eAPM avg | 32.1 |
| Villagers / military | 57 / 39 |
Focus
⚔️ 52.2% · 🌾 47.8%
Archer ×39
Match map
Initial resources + every placement click. Lines = walls · curves = elevation contours. ◆ gold · ⬟ stone · ● berries · ✦ relic · ◌ wall gap
Your base· ✓ Closed at 22:17 · 19t walls · no gate
NicoDA's base· Open — opponent sealed themselves in
Smoothed initial terrain · ◌ = detected wall gap · hover for details
Inputs per minute
— blytz - - NicoDA
Build order — blytz
First 150 of 196 actions detected
| 0:00 | Create | Villager (Male) |
| 0:00 | Create | Villager (Male) |
| 0:01 | Build | House |
| 0:02 | Build | House |
| 0:03 | Create | Villager (Male) |
| 0:06 | Create | Villager (Male) |
| 0:06 | Create | Villager (Male) |
| 1:21 | Create | Villager (Male) |
| 1:48 | Build | Lumber Camp |
| 1:53 | Create | Villager (Male) |
| 2:17 | Create | Villager (Male) |
| 2:44 | Create | Villager (Male) |
| 3:04 | Create | Villager (Male) |
| 3:24 | Create | Villager (Male) |
| 3:49 | Create | Villager (Male) |
| 4:01 | Build | House |
| 4:06 | Create | Villager (Male) |
| 4:19 | Build | Barracks |
| 4:37 | Create | Villager (Male) |
| 4:45 | Build | House |
| 5:14 | Create | Militia |
| 5:23 | Create | Villager (Male) |
| 5:24 | Create | Villager (Male) |
| 5:25 | Create | Villager (Male) |
| 5:34 | Create | Militia |
| 5:38 | Create | Militia |
| 6:04 | Build | Mill |
| 6:39 | Create | Villager (Male) |
| 6:47 | Create | Villager (Male) |
| 6:50 | Create | Villager (Male) |
| 6:57 | Create | Villager (Male) |
| 6:59 | Build | Mill |
| 7:00 | Create | Villager (Male) |
| 7:06 | Build | House |
| 7:59 | Create | Villager (Male) |
| 8:01 | Create | Villager (Male) |
| 8:08 | Research | Loom |
| 8:10 | Create | Villager (Male) |
| 8:30 | Build | Mining Camp |
| 8:34 | Research | Feudal Age |
| 8:34 | Research | Feudal Age |
| 9:16 | Build | Farm |
| 9:18 | Create | Villager (Male) |
| 9:23 | Create | Villager (Male) |
| 9:32 | Create | Villager (Male) |
| 10:00 | Create | Militia |
| 10:21 | Create | Militia |
| 10:32 | Create | Villager (Male) |
| 10:42 | Create | Villager (Male) |
| 10:43 | Create | Villager (Male) |
| 10:45 | Build | House |
| 10:53 | Create | Villager (Male) |
| 10:55 | Age | Feudal Age |
| 10:59 | Research | Man-at-Arms (upgrade) |
| 11:00 | Create | Villager (Male) |
| 11:02 | Build | Archery Range |
| 11:04 | Build | Palisade Wall |
| 11:17 | Research | Double-Bit Axe |
| 11:17 | Research | Double-Bit Axe |
| 11:17 | Create | Villager (Male) |
| 11:22 | Build | Farm |
| 11:23 | Create | Villager (Male) |
| 11:23 | Create | Villager (Male) |
| 11:23 | Create | Villager (Male) |
| 11:26 | Create | Villager (Male) |
| 11:39 | Create | Villager (Male) |
| 12:17 | Create | Villager (Male) |
| 12:21 | Create | Skirmisher |
| 12:27 | Create | Villager (Male) |
| 12:41 | Build | Blacksmith |
| 12:48 | Build | Farm |
| 12:50 | Build | Farm |
| 12:51 | Create | Skirmisher |
| 12:57 | Create | Villager (Male) |
| 12:59 | Create | Villager (Male) |
| 13:01 | Build | House |
| 13:02 | Build | Farm |
| 13:05 | Build | Farm |
| 13:09 | Create | Skirmisher |
| 13:12 | Create | Villager (Male) |
| 13:15 | Build | Farm |
| 13:15 | Create | Villager (Male) |
| 13:34 | Create | Villager (Male) |
| 13:37 | Build | Farm |
| 13:38 | Build | Farm |
| 13:42 | Create | Skirmisher |
| 13:45 | Research | Fletching |
| 13:47 | Create | Villager (Male) |
| 13:49 | Create | Villager (Male) |
| 13:54 | Build | Farm |
| 13:55 | Build | Farm |
| 13:57 | Create | Villager (Male) |
| 14:08 | Create | Skirmisher |
| 14:12 | Create | Villager (Male) |
| 14:12 | Create | Villager (Male) |
| 14:15 | Build | House |
| 14:15 | Build | House |
| 14:16 | Build | House |
| 14:17 | Build | Palisade Wall |
| 14:21 | Create | Villager (Male) |
| 14:29 | Research | Padded Archer Armor |
| 14:29 | Research | Padded Archer Armor |
| 14:30 | Create | Villager (Male) |
| 14:31 | Build | Farm |
| 14:33 | Create | Villager (Male) |
| 14:36 | Build | Palisade Wall |
| 14:38 | Build | Palisade Wall |
| 14:49 | Create | Villager (Male) |
| 14:49 | Create | Villager (Male) |
| 14:53 | Create | Villager (Male) |
| 14:53 | Create | Villager (Male) |
| 15:03 | Create | Villager (Male) |
| 15:10 | Create | Villager (Male) |
| 15:12 | Build | Lumber Camp |
| 15:47 | Create | Skirmisher |
| 15:53 | Create | Skirmisher |
| 15:56 | Create | Skirmisher |
| 16:07 | Create | Skirmisher |
| 16:08 | Create | Villager (Male) |
| 16:09 | Create | Villager (Male) |
| 16:09 | Create | Villager (Male) |
| 16:10 | Build | House |
| 16:12 | Create | Skirmisher |
| 16:13 | Create | Villager (Male) |
| 16:15 | Build | Farm |
| 16:18 | Research | Horse Collar |
| 16:18 | Research | Horse Collar |
| 16:19 | Create | Villager (Male) |
| 16:19 | Create | Villager (Male) |
| 16:21 | Create | Villager (Male) |
| 16:22 | Create | Villager (Male) |
| 16:22 | Create | Villager (Male) |
| 16:27 | Build | House |
| 16:30 | Create | Skirmisher |
| 16:36 | Create | Villager (Male) |
| 16:43 | Create | Skirmisher |
| 16:45 | Create | Villager (Male) |
| 16:46 | Create | Villager (Male) |
| 16:47 | Create | Villager (Male) |
| 16:50 | Build | Farm |
| 16:51 | Create | Villager (Male) |
| 16:51 | Create | Villager (Male) |
| 16:51 | Create | Villager (Male) |
| 16:55 | Create | Villager (Male) |
| 17:00 | Create | Skirmisher |
| 17:04 | Create | Villager (Male) |
| 17:06 | Build | Farm |
| 17:11 | Create | Skirmisher |
| 17:18 | Create | Skirmisher |
| 17:26 | Create | Skirmisher |
Build order — NicoDA
First 150 of 155 actions detected
| 0:00 | Create | Villager (Male) |
| 0:00 | Create | Villager (Male) |
| 0:01 | Build | House |
| 0:02 | Build | House |
| 0:11 | Create | Villager (Male) |
| 0:17 | Create | Villager (Male) |
| 1:18 | Create | Villager (Male) |
| 1:43 | Build | Mill |
| 1:48 | Build | Mill |
| 1:52 | Create | Villager (Male) |
| 1:52 | Create | Villager (Male) |
| 2:15 | Create | Villager (Male) |
| 2:15 | Create | Villager (Male) |
| 2:50 | Create | Villager (Male) |
| 2:50 | Create | Villager (Male) |
| 3:09 | Create | Villager (Male) |
| 3:09 | Create | Villager (Male) |
| 3:25 | Create | Villager (Male) |
| 3:25 | Create | Villager (Male) |
| 4:01 | Create | Villager (Male) |
| 4:02 | Create | Villager (Male) |
| 4:10 | Build | House |
| 4:32 | Create | Villager (Male) |
| 4:32 | Create | Villager (Male) |
| 5:12 | Build | Lumber Camp |
| 5:26 | Create | Villager (Male) |
| 6:10 | Research | Feudal Age |
| 6:10 | Research | Feudal Age |
| 6:33 | Create | Villager (Male) |
| 6:51 | Build | House |
| 7:13 | Create | Villager (Male) |
| 8:04 | Build | House |
| 8:08 | Build | Barracks |
| 8:10 | Create | Villager (Male) |
| 8:13 | Build | Palisade Wall |
| 8:15 | Build | Palisade Wall |
| 8:17 | Build | Palisade Wall |
| 8:19 | Build | Palisade Wall |
| 8:22 | Build | Palisade Wall |
| 8:24 | Build | Palisade Wall |
| 8:25 | Age | Feudal Age |
| 8:33 | Build | Palisade Wall |
| 8:35 | Build | Palisade Wall |
| 8:39 | Create | Villager (Male) |
| 8:42 | Create | Villager (Male) |
| 8:47 | Build | Archery Range |
| 8:48 | Create | Villager (Male) |
| 8:50 | Create | Villager (Male) |
| 8:59 | Build | Palisade Wall |
| 9:07 | Build | Palisade Wall |
| 9:09 | Create | Villager (Male) |
| 9:21 | Create | Archer |
| 9:21 | Create | Archer |
| 9:47 | Create | Archer |
| 9:54 | Build | Mining Camp |
| 9:57 | Create | Villager (Male) |
| 10:06 | Create | Archer |
| 10:20 | Create | Archer |
| 10:25 | Create | Villager (Male) |
| 10:34 | Create | Villager (Male) |
| 10:36 | Research | Double-Bit Axe |
| 10:37 | Research | Double-Bit Axe |
| 10:43 | Create | Villager (Male) |
| 10:50 | Create | Villager (Male) |
| 10:55 | Build | House |
| 10:58 | Create | Archer |
| 11:15 | Create | Villager (Male) |
| 11:23 | Build | Mill |
| 11:27 | Create | Archer |
| 11:46 | Build | Palisade Wall |
| 11:48 | Build | Palisade Wall |
| 11:48 | Build | Palisade Wall |
| 12:02 | Research | Loom |
| 12:24 | Create | Villager (Male) |
| 12:40 | Build | Blacksmith |
| 12:50 | Create | Archer |
| 13:03 | Build | Archery Range |
| 13:05 | Create | Archer |
| 13:09 | Create | Archer |
| 13:14 | Build | House |
| 13:26 | Create | Villager (Male) |
| 13:47 | Build | Farm |
| 13:47 | Build | Farm |
| 13:47 | Build | Farm |
| 13:47 | Build | Farm |
| 13:50 | Create | Archer |
| 13:50 | Create | Archer |
| 14:12 | Create | Archer |
| 14:40 | Create | Villager (Male) |
| 14:42 | Create | Archer |
| 14:42 | Create | Archer |
| 14:55 | Build | Blacksmith |
| 15:04 | Create | Villager (Male) |
| 15:29 | Research | Fletching |
| 15:30 | Build | Palisade Wall |
| 15:49 | Create | Archer |
| 16:01 | Build | Farm |
| 16:03 | Build | Farm |
| 16:09 | Create | Archer |
| 16:16 | Create | Villager (Male) |
| 16:16 | Create | Villager (Male) |
| 16:19 | Build | House |
| 16:20 | Build | House |
| 16:38 | Build | Farm |
| 16:38 | Create | Villager (Male) |
| 16:38 | Create | Villager (Male) |
| 16:42 | Create | Archer |
| 16:42 | Create | Archer |
| 16:42 | Create | Archer |
| 16:49 | Create | Archer |
| 16:49 | Create | Archer |
| 16:53 | Create | Villager (Male) |
| 16:54 | Create | Villager (Male) |
| 17:03 | Build | Farm |
| 17:18 | Create | Archer |
| 17:18 | Create | Archer |
| 17:19 | Create | Villager (Male) |
| 17:19 | Create | Villager (Male) |
| 17:19 | Create | Villager (Male) |
| 17:36 | Create | Archer |
| 17:42 | Create | Villager (Male) |
| 17:47 | Build | Farm |
| 17:48 | Build | Farm |
| 17:50 | Build | Farm |
| 18:07 | Create | Villager (Male) |
| 18:07 | Create | Villager (Male) |
| 18:08 | Create | Archer |
| 18:08 | Create | Archer |
| 18:08 | Create | Archer |
| 18:18 | Build | House |
| 18:31 | Create | Villager (Male) |
| 18:36 | Build | Market |
| 18:50 | Create | Archer |
| 18:51 | Create | Villager (Male) |
| 19:41 | Create | Villager (Male) |
| 19:56 | Create | Archer |
| 19:57 | Create | Archer |
| 20:06 | Create | Villager (Male) |
| 20:12 | Create | Archer |
| 20:22 | Create | Villager (Male) |
| 20:48 | Research | Castle Age |
| 20:48 | Research | Castle Age |
| 21:17 | Create | Archer |
| 21:17 | Create | Archer |
| 21:18 | Create | Archer |
| 21:27 | Create | Villager (Male) |
| 21:30 | Build | Palisade Wall |
| 21:34 | Create | Archer |
| 21:34 | Create | Archer |
| 21:45 | Build | Farm |
Match timeline
| 4:19 | blytz · first_building Barracks |
| 8:08 | NicoDA · first_building Barracks |
| 8:13 | NicoDA · wall_segment Palisade Wall x1 |
| 8:15 | NicoDA · wall_segment Palisade Wall x1 |
| 8:17 | NicoDA · wall_segment Palisade Wall x1 |
| 8:19 | NicoDA · wall_segment Palisade Wall x1 |
| 8:22 | NicoDA · wall_segment Palisade Wall x1 |
| 8:24 | NicoDA · wall_segment Palisade Wall x1 |
| 8:25 | NicoDA · age_up feudal |
| 8:33 | NicoDA · wall_segment Palisade Wall x1 |
| 8:35 | NicoDA · wall_segment Palisade Wall x1 |
| 8:47 | NicoDA · first_building Archery Range |
| 8:59 | NicoDA · wall_segment Palisade Wall x1 |
| 9:07 | NicoDA · wall_segment Palisade Wall x1 |
| 10:55 | blytz · age_up feudal |
| 11:02 | blytz · first_building Archery Range |
| 11:04 | blytz · wall_segment Palisade Wall x2 |
| 11:46 | NicoDA · wall_segment Palisade Wall x1 |
| 11:48 | NicoDA · wall_segment Palisade Wall x1 |
| 11:48 | NicoDA · wall_segment Palisade Wall x1 |
| 14:17 | blytz · wall_segment Palisade Wall x1 |
| 14:36 | blytz · wall_segment Palisade Wall x2 |
| 14:38 | blytz · wall_segment Palisade Wall x14 |
| 15:30 | NicoDA · wall_segment Palisade Wall x1 |
| 19:42 | blytz · wall_segment Palisade Wall x1 |
| 19:48 | NicoDA · first_market_buy 100 food |
| 19:49 | NicoDA · first_market_sell 100 wood |
| 21:30 | NicoDA · wall_segment Palisade Wall x1 |
| 22:17 | blytz · age_up castle |
| 22:23 | NicoDA · resign |
[ AI ANALYSIS · 1 CREDIT ]
What really happened in this match?
Wolo.gg analyzes every decision: build order, eco, micro, common mistakes by bracket. Personalized analysis on WhatsApp or Discord in 30 seconds.
Civ guide
Wu
Perfil
Jugador #21516070